Map: Eternal Empire LE

Players

JinairRogue (Rogue) - Winner!

  • Race: Zerg Zerg
  • Spawn Location: 7:00

SpeCial

  • Race: Terran Terran
  • League: Master
  • Spawn Location: 1:00

Event: DreamHack SC2 Masters 2020 Fall

VOD

Have the link to the VOD?

Description

Time

  • Played on: Sept. 17, 2020, 10:43 a.m.
  • Length: 8:21

All games in this series

Show
View Real Time Build Order
Export as new Build Order

JinairRogue Zerg - Winner!

Build Orders: Hatch First 

Get SALT Encoding   

  12  0:00  Drone  
  13  0:12  Overlord  
  13  0:16  Drone  
  14  0:30  Drone  
  14  0:31  Drone  
  16  0:48  Hatchery  
  15  0:51  Drone  
  15  0:54  Drone  
  17  0:58  Drone  
  18  1:08  Extractor  
  17  1:13  Spawning Pool  
  17  1:16  Drone  
  17  1:20  Drone  
  18  1:28  Drone  
  19  1:39  Drone  
  20  1:49  Drone  
  21  2:00  Queen x2  
  21  2:01  Zergling x4  
  27  2:11  Overlord  
  27  2:12  Drone, Metabolic Boost  
  28  2:24  Overlord  
  28  2:33  Drone x2  
  28  2:34  Drone  
  31  2:38  Queen  
  31  2:40  Queen  
  35  2:46  Zergling x4  
  37  2:56  Drone x2  
  38  3:05  Zergling x2  
  38  3:06  Zergling x2  
  38  3:12  Drone  
  41  3:13  Drone x2  
  41  3:17  Drone  
  41  3:18  Lair  
  44  3:27  Overlord  
  44  3:29  Extractor  
  43  3:34  Drone  
  43  3:39  Overlord  
  44  3:46  Drone  
  44  3:47  Drone x3  
  44  3:48  Drone  
  49  3:51  Drone x2  
  51  3:56  Drone  
  51  3:57  Queen, Overlord x2  
  51  3:58  Overlord  
  54  4:05  Extractor x2  
  54  4:06  Spine Crawler  
  51  4:11  Drone  
  51  4:13  Overlord  
  53  4:19  Drone x2  
  53  4:21  Spire  
  54  4:25  Drone x3  
  54  4:26  Drone  
  57  4:32  Drone x4  
  61  4:47  Hatchery  
  60  4:53  Baneling Nest, Zergling x6  
  60  4:57  Drone  
  60  4:58  Drone  
  64  5:05  Drone x5  
  69  5:12  Overlord  
  69  5:24  Zergling x2  
  69  5:25  Zergling x6  
  69  5:28  Drone x2  
  69  5:35  Mutalisk x3  
  71  5:46  Mutalisk x4  
  79  5:55  Drone  
  80  5:59  Zerg Flyer Weapons Level 1  
  80  6:01  Extractor  
  78  6:09  Drone x4  
  82  6:15  Drone x7  
  89  6:19  Extractor  
  89  6:20  Overlord  
  88  6:26  Mutalisk x2  
  92  6:35  Mutalisk x2  
  92  6:36  Overlord  
  95  6:47  Hatchery  
  95  6:53  Drone x5  
  95  6:54  Drone x4  
  99  6:59  Mutalisk x2  
  103  7:03  Overlord  
  103  7:04  Mutalisk  
  103  7:07  Spore Crawler  
  103  7:11  Mutalisk x3  
  103  7:13  Zergling x8  
  113  7:18  Zergling x2  
  112  7:26  Mutalisk x2  
  112  7:27  Overlord x2  
  116  7:34  Drone  
  116  7:35  Spore Crawler  
  116  7:38  Zergling x8  
  116  7:39  Evolution Chamber x2  
  118  7:44  Mutalisk x2  
  118  7:48  Drone  
  118  7:50  Mutalisk  
  118  7:51  Mutalisk  
  125  7:53  Zergling x12  
  127  8:02  Zergling x2  
Show
View Real Time Build Order
Export as new Build Order

SpeCial Terran 

Build Orders:  

Get SALT Encoding   

  12  0:00  SCV  
  13  0:12  SCV  
  14  0:18  Supply Depot  
  14  0:24  SCV  
  15  0:39  SCV  
  15  0:41  Barracks  
  16  0:45  Refinery  
  16  0:51  SCV  
  17  0:59  Barracks  
  17  1:04  SCV  
  18  1:16  SCV  
  19  1:28  Reaper  
  19  1:29  Orbital Command  
  20  1:46  Reaper  
  21  1:51  Supply Depot  
  21  1:55  SCV  
  22  2:04  Reaper  
  23  2:13  SCV  
  24  2:15  Command Center  
  24  2:16  Refinery  
  24  2:18  Marine  
  25  2:25  SCV  
  26  2:37  SCV  
  26  2:42  Factory  
  26  2:43  Marine  
  28  2:47  Supply Depot  
  28  2:49  SCV  
  29  2:53  Barracks Reactor  
  29  3:01  SCV  
  30  3:13  SCV  
  30  3:17  Command Center  
  31  3:25  SCV  
  32  3:28  Orbital Command  
  32  3:36  Starport  
  32  3:39  SCV  
  33  3:43  Hellion  
  33  3:47  Hellion  
  37  3:54  Barracks Tech Lab  
  37  3:56  SCV x2  
  39  4:06  Hellion  
  39  4:08  SCV  
  39  4:09  Hellion  
  44  4:10  SCV  
  45  4:18  Fusion Core  
  45  4:20  SCV  
  45  4:24  SCV  
  50  4:30  Orbital Command  
  50  4:32  SCV  
  50  4:33  Hellion  
  50  4:36  Hellion  
  50  4:37  SCV  
  56  4:44  SCV  
  54  4:49  SCV  
  54  4:51  Supply Depot  
  55  4:55  Hellion  
  55  4:56  SCV x2  
  55  4:57  Hellion  
  61  5:01  SCV  
  61  5:02  Barracks Reactor  
  61  5:05  Barracks Tech Lab  
  68  5:07  Battlecruiser  
  68  5:13  SCV x2  
  70  5:14  Engineering Bay  
  70  5:24  SCV  
  70  5:25  SCV  
  70  5:26  Marine  
  68  5:29  SCV  
  64  5:36  SCV  
  64  5:37  Orbital Command, SCV  
  62  5:44  Refinery, Marine  
  62  5:45  Barracks, Terran Infantry Weapons Level 1  
  62  5:46  Stimpack, Refinery  
  62  5:47  Marine x2  
  65  5:51  SCV  
  65  5:54  Missile Turret  
  66  6:02  SCV, Marine  
  66  6:03  Factory Reactor  
  67  6:05  Marine x2  
  67  6:09  SCV  
  67  6:11  SCV  
  68  6:14  SCV  
  68  6:15  Missile Turret  
  69  6:21  SCV  
  69  6:23  SCV, Marine x3  
  72  6:26  SCV  
  72  6:30  Missile Turret  
  72  6:32  Barracks  
  73  6:33  Marine  
  73  6:34  Barracks, SCV, Marine  
  73  6:35  SCV  
  73  6:38  SCV  
  77  6:42  Supply Depot  
  77  6:44  Marine  
  77  6:46  Supply Depot  
  77  6:49  Marine  
  77  6:50  SCV  
  77  6:52  SCV  
  77  6:55  Marine  
  77  7:04  Medivac x2, SCV, Marine x3  
  77  7:05  SCV x2  
  77  7:07  Marine  
  77  7:08  Siege Tank  
  89  7:12  Supply Depot x2  
  89  7:13  Marine  
  89  7:14  Armory  
  89  7:15  Engineering Bay  
  88  7:16  SCV  
  88  7:17  SCV x2  
  88  7:21  Marine x2  
  89  7:24  Barracks Reactor  
  89  7:25  Marine x2  
  89  7:28  SCV  
  89  7:29  SCV x2  
  89  7:33  Refinery  
  89  7:35  Medivac x2  
  93  7:38  Barracks Reactor  
  93  7:40  SCV  
  93  7:41  SCV  
  93  7:43  Barracks  
  95  7:44  Barracks, Marine  
  95  7:46  Barracks, Marine x3  
  94  8:00  Marine x3  
  94  8:02  Marine  

Tags
 
Add a new tag
Caveats
  • Supply blocks, unpowered buildings, or Contaminate may cause inaccurate times.
  • Supply counts are checked every 10 seconds.